AoeStats
← Bleda

Hideout

509949492Analyzed
1v1 RM · 2d ago on Sep 28, 2026· 34m 26s· 2 players
Game mode
Random Map
Map size
Tiny (2 player)
Population
200
Speed
Normal
Resources
Standard
Victory
Conquest
Starting age
Dark Age
Ending age
Imperial Age
RankedLock teamsTeams togetherTeam positionsShared explorationLock speedFull tech treeHidden civsTurbo modeCheats
Victory
Defeat
🇪🇸 Saracens · Spain
1265
+15
🇹🇷 Malians · Türkiye
1241
-15
Bleda
10:23 Feudal Age
11:02 Double-Bit Axe
16:50 Castle Age
15:04 Horse Collar
15:17 Gold Mining
15:44 Stone Mining
15:57 Fletching
16:29 Bloodlines
17:26 Wheelbarrow
18:17 Bow Saw
18:38 Loom
20:54 Elite Skirmisher
31:38 Imperial Age
30:07 Hand Cart
30:33 Fletching
30:52 Town Watch
32:03 Bodkin Arrow
32:23 Scale Mail Armor
31:53 Man-at-Arms
32:33 Squires
33:19 Heavy Plow
ThePlotChickens
9:12 Feudal Age
10:23 Double-Bit Axe
11:36 Horse Collar
17:25 Castle Age
16:29 Gold Mining
16:32 Stone Mining
17:26 Crossbowman
18:51 Bow Saw
20:24 Fletching
21:15 Wheelbarrow
23:41 Loom
27:28 Forging
33:38 Imperial Age
32:11 Hand Cart
31:42 Town Watch
32:47 Scale Barding Armor
Connection lost

Rejoining the realm…

Still unreachable

The connection could not be restored.

Session expired

The server has moved on; the page needs a fresh start.